 Dungeon Crawl Stone Soup version 0.23.2-1-ga50397a (webtiles) character file.

Game seed: 11281277972649825906

179 whitewolfNL the Cudgeler (level 5, -4/47 HPs)
             Began as a Minotaur Berserker on May 12, 2019.
             Was a Priest of Trog.
             Slain by an orc
             ... wielding a +0 trident
              (6 damage)
             ... on level 3 of the Dungeon.
             The game lasted 00:09:44 (1631 turns).

whitewolfNL the Cudgeler (Minotaur Berserker)       Turns: 1631, Time: 00:09:45

Health: -4/47      AC: 12    Str: 22    XL:     5   Next: 32%
Magic:  4/4        EV:  6    Int:  4    God:    Trog [***...]
Gold:   85         SH:  8    Dex: 10    Spells: 4/4 levels left

rFire    + . .     SeeInvis .   r - +0 flail
rCold    x . .     Gourm    .   j - +0 shield
rNeg     . . .     Faith    .   b - +0 chain mail
rPois    .         Spirit   .   (helmet restricted)
rElec    .         Reflect  .   (no cloak)
rCorr    .         Harm     .   (no gloves)
MR       .....                  (no boots)
Stlth    ..........             (no amulet)
HPRegen  0.15/turn              l - ring of fire
MPRegen  0.09/turn              q - +3 ring of protection

@: berserk cooldown
A: retaliatory headbutt, horns 2
a: Berserk, Trog's Hand, Renounce Religion


You were on level 3 of the Dungeon.
You worshipped Trog.
Trog was most pleased with you.
You were very hungry.

You visited 1 branch of the dungeon, and saw 3 of its levels.

You collected 85 gold pieces.

Inventory:

Hand Weapons
 r - a +0 flail (weapon)
Missiles
 a - 22 poisoned needles
 i - 35 sling bullets
 k - 131 stones (quivered)
 u - 18 arrows
 v - 3 tomahawks
Armour
 b - a +0 chain mail (worn)
 j - a +0 shield (worn)
Jewellery
 l - a ring of fire (left hand)
 q - a +3 ring of protection (right hand)
Scrolls
 e - 2 scrolls of fear {unknown}
 f - 5 scrolls of remove curse
 o - a scroll of identify {unknown}
 p - a scroll of teleportation {unknown}
 s - a scroll of blinking {unknown}
 t - a scroll of noise {unknown}
Potions
 g - a potion of heal wounds {unknown}
 h - a potion of berserk rage {unknown}
 m - 3 potions of degeneration {unknown}
 n - a potion of agility {unknown}
 w - a potion of mutation {unknown}
Comestibles
 c - 5 rations
 d - 3 chunks of flesh


   Skills:
 * Level 4.6 Fighting
 * Level 4.7 Maces & Flails
 - Level 1.0 Throwing
 * Level 3.7 Armour
 + Level 2.8 Dodging
 - Level 1.0 Stealth
 + Level 1.4 Shields


You had 4 spell levels left.
You didn't know any spells.
Your spell library was empty.

Dungeon Overview and Level Annotations

Branches:
Dungeon (3/15)

Altars:


Innate Abilities, Weirdness & Mutations

You reflexively headbutt those who attack you in melee.
You have a pair of horns on your head.


Message History

The goblin is severely wounded.
The goblin hits you but does no damage. You block the orc's attack.
The orc hits you from afar with a +0 trident.
* * * LOW HITPOINT WARNING * * *
The goblin hits you but does no damage.
Your shield and chain mail prevent you from hitting the goblin.
You headbutt the goblin.
You kill the goblin!
Trog accepts your kill. The orc barely misses you. x2
The orc hits you but does no damage. The orc hits you with a +0 trident.
* * * LOW HITPOINT WARNING * * *
Items here: $ )))))) = ? [ ††† Your shield and chain mail prevent you from hitting the orc.
The orc is moderately wounded.
You block the orc's attack. The orc hits you but does no damage.
Your shield and chain mail prevent you from hitting the orc.
The orc is moderately wounded.
The orc hits you but does no damage. The orc hits you with a +0 trident.
You die...

#.##......> .........
........ ...... ##.
#....##.... #.......##.
#o)o...... ##### #@#
#...# #.# #.#.( #.#
#...# ##.## ##.## #...#
#######÷##
#...######........#
#.................#
#####...####...#......#
#..........)...#...####


You could see 2 orcs.

Vanquished Creatures
  An orc priest (D:3)
  An orc wizard (D:3)
  3 gnolls (D:2)
  An ooze (D:3)
  4 worms
  3 leopard geckos
  8 orcs (D:3)
  A ball python (D:1)
  5 giant cockroaches
  4 hobgoblins (D:2)
  3 jackals (D:3)
  6 bats
  8 frilled lizards
  9 goblins
  7 kobolds
  8 rats
72 creatures vanquished.

Notes
Turn   | Place    | Note
-------+----------+-------------------------------------------
     0 | D:1      | whitewolfNL the Minotaur Berserker began the quest for the
                  | Orb.
     0 | D:1      | Reached XP level 1. HP: 19/19 MP: 0/0
   208 | D:1      | Reached XP level 2. HP: 23/27 MP: 1/1
   330 | D:1      | Reached skill level 1 in Throwing
   730 | D:2      | Reached ** piety under Trog
   784 | D:2      | Reached XP level 3. HP: 33/33 MP: 2/2
   876 | D:2      | Reached skill level 1 in Stealth
  1187 | D:2      | Reached XP level 4. HP: 40/40 MP: 3/3
  1377 | D:3      | Reached skill level 1 in Shields
  1380 | D:3      | Reached *** piety under Trog
  1586 | D:3      | Reached XP level 5. HP: 47/47 MP: 4/4
  1629 | D:3      | HP: 2/47 [orc/+0 trident (1)]
  1631 | D:3      | Slain by an orc

Skill      XL: |  1  2  3  4 |
---------------+-------------+-----
Throwing       | 1 |  1.0
Fighting       | 4 |  4.6
Stealth        | 1 |  1.0
Maces & Flails | 4 |  4.7
Armour         | 3 |  3.7
Shields        | 1 |  1.4
Dodging        | |  2.8

Action                   |  1- 3 |  4- 6 || total
-------------------------+-------+-------++-------
Melee: Mace              |   104 |     3 ||   107
       Headbutt          |    13 |    11 ||    24
       Flail             |       |    71 ||    71
Invok: Berserk           |     1 |     2 ||     3
  Use: Scroll            |       |     1 ||     1
  Eat: Chunk             |     1 |     3 ||     4
Armor: Animal skin       |     2 |       ||     2
       Chain mail        |    47 |    86 ||   133
Dodge: Dodged            |    32 |    32 ||    64
Block: Shield            |    38 |    52 ||    90
